[Event "ICC tourney 3117 (40 10)"]
[Site "Internet Chess Club"]
[Date "2023.02.04"]
[Round "2"]
[White "ZHANG, ARI:brass60Six"]
[Black "Richardson, Avanni:ChessOneMillion"]
[Result "1/2-1/2"]
[ICCResult "Game drawn by mutual agreement"]
[WhiteElo "1417"]
[BlackElo "1706"]
[Opening "Queen's pawn game"]
[ECO "E10"]
[NIC "QI.01"]
[Time "13:15:58"]
[PlyCount "170"]
[TimeControl "2400+10"]

1. d4 Nf6 2. c4 e6 3. Nf3 d5 4. e3 Bb4+ 5. Bd2 Bxd2+ 6. Nbxd2 Bd7 7. Be2 Nc6
8. O-O h6 9. Nb3 Ne7 10. Nc5 b6 11. Nxd7 Nxd7 12. Re1 O-O 13. Bd3 Ng6 14.
Qc2 Nh4 15. Be2 Nxf3+ 16. Bxf3 Nf6 17. Rad1 c6 18. h3 Rc8 19. Qe2 Qc7 20.
Rc1 Qd6 21. Red1 Qe7 22. Rc2 Rfd8 23. Rdc1 Qd7 24. Qf1 Ne8 25. b3 Qb7 26.
Qe1 a5 27. c5 Rd7 28. Qc3 Rdc7 29. Qd2 Ra8 30. a4 b5 31. Rb2 b4 32. Qe1 Nf6
33. Kf1 Qa6+ 34. Be2 Qb7 35. Bd3 Rcc8 36. Rd2 Qc7 37. Kg1 Re8 38. Re2 Nd7
39. Qd2 e5 40. Rce1 e4 41. Bc2 Qd8 42. Rf1 Qg5 43. Ree1 Nf8 44. f3 Ng6 45.
fxe4 dxe4 46. Qf2 Re7 47. Kh1 Qd5 48. Qg3 Rae8 49. Kg1 Re6 50. Rf2 R6e7 51.
Ref1 Qe6 52. Kh1 Qd7 53. Kg1 Qc7 54. Qxc7 Rxc7 55. Kh2 f6 56. Bd1 Kh7 57.
Bh5 Ree7 58. Bxg6+ Kxg6 59. Kg3 Rf7 60. Rf4 Rce7 61. Kh2 Kh7 62. g4 Re6 63.
Kg3 g5 64. R4f2 Kg6 65. Kh2 Rh7 66. Kg3 h5 67. Kg2 hxg4 68. hxg4 Kg7 69. Kg3
Rh6 70. Rh2 Rxh2 71. Kxh2 Re8 72. Kg2 Kg6 73. Rh1 Kg7 74. Kg3 Rf8 75. Rh5
Kg6 76. Rh1 Kg7 77. Kg2 f5 78. gxf5 Rxf5 79. Rf1 Rd5 80. Kg3 Kg6 81. Kg4 Rd8
82. Rf5 Rd7 83. Rxg5+ Kf6 84. Rf5+ Kg6 85. Rf1 Re7
{Game drawn by mutual agreement}
1/2-1/2

[Event "ICC tourney 3117 (40 10)"]
[Site "Internet Chess Club"]
[Date "2023.02.04"]
[Round "2"]
[White "LOPEZ, FRANCISCO JAVIER:steinutz"]
[Black "HAMLETT, JAMES MORRISON:Hamlett144"]
[Result "1-0"]
[ICCResult "Black resigns"]
[WhiteElo "1500"]
[BlackElo "1200"]
[Opening "Trompowsky attack (Ruth, Opocenský opening)"]
[ECO "A45"]
[NIC "QP.07"]
[Time "13:15:51"]
[PlyCount "83"]
[TimeControl "2400+10"]

1. d4 Nf6 2. Bg5 d6 3. Nf3 h6 4. Bxf6 gxf6 5. g3 Bg7 6. Bg2 e5 7. c3 e4 8.
Nfd2 d5 9. e3 h5 10. c4 c6 11. Nc3 Na6 12. a3 h4 13. cxd5 cxd5 14. Qb3 Nc7
15. O-O-O h3 16. Bf1 Bg4 17. Be2 Bxe2 18. Nxe2 b5 19. Kb1 a5 20. Rc1 a4 21.
Qc3 Rc8 22. Nf4 O-O 23. Ka2 Qd7 24. Qc6 Qg4 25. Nxd5 Nxd5 26. Qxd5 f5 27. f3
exf3 28. Qxf3 Qg5 29. Rhf1 Rxc1 30. Rxc1 Bxd4 31. exd4 Qxd2 32. Rd1 Qc2 33.
Rd3 Rc8 34. Qd1 Qxh2 35. d5 Rc2 36. Qb1 Qe2 37. Rd1 Qc4+ 38. Ka1 Re2 39. d6
Re8 40. d7 Rd8 41. Qxf5 Qe6 42. Qg5+ {Black resigns} 1-0

[Event "ICC tourney 3117 (40 10)"]
[Site "Internet Chess Club"]
[Date "2023.02.04"]
[Round "3"]
[White "Doan Giang, Nguyen Doan:Doctorstrange04"]
[Black "OPASKA, MICHAEL:mopaska1106"]
[Result "1/2-1/2"]
[ICCResult "Game drawn by mutual agreement"]
[WhiteElo "1807"]
[BlackElo "1841"]
[Opening "Caro-Kann: exchange, Rubinstein variation"]
[ECO "B13"]
[NIC "CK.02"]
[Time "15:31:23"]
[PlyCount "45"]
[TimeControl "2400+10"]

1. e4 c6 2. d4 d5 3. exd5 cxd5 4. Bd3 Nc6 5. c3 Nf6 6. Bf4 Bg4 7. Qb3 Qd7 8.
Nd2 e6 9. Ngf3 Bd6 10. Bxd6 Qxd6 11. O-O O-O 12. Rae1 Ne7 13. Qc2 Bf5 14.
Ne5 a6 15. Re3 Bxd3 16. Qxd3 Nf5 17. Rh3 g6 18. g4 Ng7 19. Qg3 Qd8 20. f4 h5
21. g5 Nd7 22. Ndf3 Nf5 23. Qf2 {Game drawn by mutual agreement} 1/2-1/2

[Event "ICC tourney 3117 (40 10)"]
[Site "Internet Chess Club"]
[Date "2023.02.04"]
[Round "3"]
[White "Xu, Michael:mxu81"]
[Black "Mason, Mike W:MikeWMason"]
[Result "0-1"]
[ICCResult "White resigns"]
[WhiteElo "1194"]
[BlackElo "1567"]
[Opening "Sicilian: Smith-Morra gambit"]
[ECO "B34"]
[NIC "SI.33"]
[Time "15:31:23"]
[PlyCount "42"]
[TimeControl "2400+10"]

1. e4 c5 2. d4 cxd4 3. Nf3 Nc6 4. Nxd4 g6 5. Bc4 Bg7 6. Nxc6 bxc6 7. Qf3 Nf6
8. e5 Nd5 9. Bxd5 cxd5 10. Qxd5 Ba6 11. c4 Rc8 12. Na3 O-O 13. O-O Qc7 14.
Rd1 Bb7 15. Qxd7 Rfd8 16. Qg4 Rxd1+ 17. Qxd1 Bxe5 18. Kf1 Bxh2 19. g3 Qc6
20. Be3 Qh1+ 21. Ke2 Bf3+ {White resigns} 0-1

[Event "ICC tourney 3117 (40 10)"]
[Site "Internet Chess Club"]
[Date "2023.02.04"]
[Round "3"]
[White "DUBE, DANIEL:betterone76"]
[Black "ZHANG, ARI:brass60Six"]
[Result "1-0"]
[ICCResult "Black checkmated"]
[WhiteElo "1850"]
[BlackElo "1417"]
[Opening "QGD: 4.Nf3"]
[ECO "D37"]
[NIC "QO.16"]
[Time "15:30:53"]
[PlyCount "81"]
[TimeControl "2400+10"]

1. d4 d5 2. c4 e6 3. Nc3 Nf6 4. Nf3 Be7 5. Bg5 Nc6 6. e3 h6 7. Bh4 a6 8. Rc1
Bd7 9. Bd3 Bc8 10. O-O O-O 11. a3 dxc4 12. Bxc4 Na5 13. Ba2 Nc6 14. Bb1 Bd7
15. Qd3 g6 16. Bg3 Nh5 17. Be5 Bf6 18. g4 Ng7 19. Bf4 Kh7 20. Kg2 Re8 21.
Ne5 Nxe5 22. dxe5 Bc6+ 23. Kg1 Qxd3 24. Bxd3 Be7 25. Be4 Bxe4 26. Nxe4 Rec8
27. Rfd1 g5 28. Bg3 h5 29. h3 hxg4 30. hxg4 Bd8 31. Kg2 b6 32. Rh1+ Kg8 33.
Rh6 f6 34. exf6 Ne8 35. Rch1 Nxf6 36. Nxf6+ Bxf6 37. Rxf6 Kg7 38. Be5 Kg8
39. Rg6+ Kf7 40. Rg7+ Kf8 41. Rh8# {Black checkmated} 1-0

[Event "ICC tourney 3117 (40 10)"]
[Site "Internet Chess Club"]
[Date "2023.02.04"]
[Round "3"]
[White "MANE, ARNAV KISHOR:georgianknight"]
[Black "ANDRADE, LUIS:Landrade"]
[Result "1/2-1/2"]
[ICCResult "Game drawn by repetition"]
[WhiteElo "1550"]
[BlackElo "1277"]
[Opening "Caro-Kann: advance variation"]
[ECO "B12"]
[NIC "CK.02"]
[Time "15:30:29"]
[PlyCount "275"]
[TimeControl "2400+10"]

1. e4 c6 2. d4 d5 3. e5 c5 4. dxc5 Nc6 5. Nf3 Bg4 6. c3 e6 7. Bf4 Bxc5 8.
Bb5 Ne7 9. h3 Bh5 10. b4 Bb6 11. a4 O-O 12. a5 Bxf3 13. Qxf3 Bc7 14. Qg3 Qb8
15. Bxc6 Nxc6 16. Bh6 Bxe5 17. f4 Bf6 18. Bg5 Bxg5 19. Qxg5 h6 20. Qg4 d4
21. b5 Ne7 22. O-O Qd6 23. Rd1 Nf5 24. Rd3 Qc5 25. cxd4 Nxd4 26. Kh2 Rfd8
27. Nc3 Nxb5 28. Rg3 g6 29. Ne4 Qf5 30. Qxf5 exf5 31. Rb1 fxe4 32. Rxb5 Re8
33. Re3 Rad8 34. Rxb7 Ra8 35. Rb4 f5 36. Rc4 Rac8 37. Rxc8 Rxc8 38. Rb3 Rc7
39. a6 Re7 40. Rb8+ Kf7 41. Kg1 g5 42. g3 gxf4 43. gxf4 Ke6 44. Rb7 Kd6 45.
Rb5 Rf7 46. Kf2 Kc6 47. Rb8 Kd6 48. Rh8 Kd5 49. Rxh6 Rc7 50. h4 Rc2+ 51. Kg3
Rc3+ 52. Kg2 Rc2+ 53. Kg3 Ra2 54. Rf6 Ra3+ 55. Kg2 Ra2+ 56. Kg3 Kd4 57. Rxf5
Rxa6 58. h5 e3 59. Re5 Ra1 60. h6 Rh1 61. Kf3 Rh3+ 62. Ke2 Rxh6 63. Kf3 Rh3+
64. Kg2 Rh4 65. Kf3 Rh3+ 66. Kg2 Rh6 67. Kf3 Rh1 68. Re4+ Kd5 69. Rxe3 Rf1+
70. Ke2 Rxf4 71. Kd3 Kc5 72. Kc3 Rf5 73. Kb3 Kb5 74. Rg3 a6 75. Re3 Rf6 76.
Ka3 Kc4 77. Re4+ Kd3 78. Ra4 Kc3 79. Rb4 Rf5 80. Rb3+ Kc4 81. Rb4+ Kc3 82.
Rb3+ Kc2 83. Rb2+ Kc1 84. Rh2 Rb5 85. Rh1+ Kc2 86. Rh2+ Kc3 87. Rh3+ Kc4 88.
Rh4+ Kc5 89. Rh5+ Kb6 90. Rxb5+ axb5 91. Kb4 Kc6 92. Kb3 Kc5 93. Kc3 Kb6 94.
Kb4 Ka6 95. Kb3 Kb7 96. Kb4 Kc6 97. Kb3 Kc5 98. Kc3 b4+ 99. Kb3 Kb5 100. Kb2
Kc4 101. Kc2 Kc5 102. Kb3 Kb5 103. Kb2 Kb6 104. Kb3 Ka5 105. Kb2 Ka4 106.
Ka2 Kb5 107. Kb3 Kc5 108. Kb2 Kd4 109. Kb3 Kc5 110. Kb2 Kc4 111. Kc2 b3+
112. Kb2 Kb4 113. Kb1 Ka3 114. Ka1 Ka4 115. Kb2 Kb4 116. Kb1 Kc5 117. Kb2
Kc4 118. Kb1 Kc3 119. Kc1 Kb4 120. Kb2 Ka4 121. Kb1 Ka5 122. Kb2 Kb4 123.
Kb1 Kc4 124. Kb2 Kb4 125. Kb1 Kc3 126. Kc1 Kd3 127. Kb2 Kc4 128. Kb1 Kd5
129. Kb2 Kc4 130. Kb1 Kb4 131. Kb2 Ka4 132. Kb1 Ka3 133. Ka1 Kb4 134. Kb2
Kc4 135. Kb1 Kc3 136. Kc1 Kd3 137. Kb2 Kc4 138. Kb1 {Game drawn by
repetition} 1/2-1/2

[Event "ICC tourney 3117 (40 10)"]
[Site "Internet Chess Club"]
[Date "2023.02.04"]
[Round "3"]
[White "JARGALSAIKHAN, OCHIR:O-Chess"]
[Black "BANDREDDI, AARUSH:AarushB"]
[Result "1/2-1/2"]
[ICCResult "Game drawn by mutual agreement"]
[WhiteElo "1411"]
[BlackElo "896"]
[Opening "King's Indian: fianchetto, Uhlmann (Szabo) variation"]
[ECO "E62"]
[NIC "KI.72"]
[Time "15:30:28"]
[PlyCount "78"]
[TimeControl "2400+10"]

1. d4 Nf6 2. c4 g6 3. Nf3 Bg7 4. g3 O-O 5. Bg2 d6 6. O-O Nc6 7. Nc3 e5 8.
dxe5 dxe5 9. Bg5 h6 10. Qxd8 Rxd8 11. Bxf6 Bxf6 12. Nd5 Bg7 13. Nxc7 Rb8 14.
b3 e4 15. Rad1 exf3 16. Rxd8+ Nxd8 17. Bxf3 Ne6 18. Nd5 Kh7 19. e3 Ng5 20.
Be2 Be6 21. f3 f5 22. Rc1 Rc8 23. Nf4 Bf7 24. Rd1 Be8 25. h4 Nf7 26. h5 g5
27. Bd3 Bd7 28. Nd5 Re8 29. Kf2 Ne5 30. Bc2 Rf8 31. Kg2 a6 32. Kf2 Nc6 33.
Nf6+ Rxf6 34. Rxd7 b6 35. g4 Kg8 36. Bxf5 Kf8 37. f4 Ne7 38. e4 gxf4 39. e5
Rc6 {Game drawn by mutual agreement} 1/2-1/2

[Event "ICC tourney 3117 (40 10)"]
[Site "Internet Chess Club"]
[Date "2023.02.04"]
[Round "3"]
[White "SIMO, AARON L:WhereBklnAt"]
[Black "ZHAO, DANSON:K01-30127679"]
[Result "1-0"]
[ICCResult "Black resigns"]
[WhiteElo "1603"]
[BlackElo "1431"]
[Opening "Four knights: Italian variation"]
[ECO "C28"]
[NIC "VG.04"]
[Time "15:31:23"]
[PlyCount "85"]
[TimeControl "2400+10"]

1. e4 e5 2. Nc3 Nc6 3. Bc4 Nf6 4. Nf3 d6 5. Ng5 Be6 6. Nxe6 fxe6 7. Bxe6 Nd4
8. Bh3 Be7 9. d3 O-O 10. O-O d5 11. exd5 Nxd5 12. Ne2 Nf4 13. Bxf4 exf4 14.
Nxd4 Qxd4 15. c3 Qb6 16. Re1 Bd6 17. Qc2 Kh8 18. Re4 f3 19. g3 Rae8 20. Rae1
Rxe4 21. Rxe4 a6 22. d4 h6 23. b4 Qc6 24. Qd3 Qd5 25. c4 Qf7 26. c5 Be7 27.
Rf4 Qxa2 28. Rxf8+ Bxf8 29. Qxf3 Be7 30. Qxb7 Qa1+ 31. Bf1 Qxd4 32. Qxc7 Bf6
33. Qb6 Qd2 34. c6 Bd4 35. Qb8+ Kh7 36. Qf8 Qc2 37. Bxa6 Qxc6 38. Bd3+ g6
39. Qe7+ Bg7 40. b5 Qc1+ 41. Kg2 h5 42. Qe4 Qg5 43. b6 {Black resigns} 1-0

[Event "ICC tourney 3117 (40 10)"]
[Site "Internet Chess Club"]
[Date "2023.02.04"]
[Round "3"]
[White "S.M, UMER:uncrackable"]
[Black "YU, AVERY:Averyyu321"]
[Result "1-0"]
[ICCResult "Black resigns"]
[WhiteElo "1807"]
[BlackElo "1682"]
[Opening "Queen's bishop game"]
[ECO "D02"]
[NIC "QP.08"]
[Time "15:30:26"]
[PlyCount "83"]
[TimeControl "2400+10"]

1. d4 d5 2. Nf3 Nf6 3. Bf4 c5 4. e3 Qb6 5. Nc3 Qxb2 6. Nb5 Na6 7. Rb1 Qxa2
8. Ra1 Qb2 9. Rxa6 bxa6 10. Nc7+ Kd8 11. Nxa8 Qb4+ 12. Qd2 Qb1+ 13. Ke2 Qb5+
14. Qd3 c4 15. Bc7+ Ke8 16. Qc3 Bb7 17. Nd2 Bxa8 18. g3 e6 19. Ba5 Ba3 20.
Qxa3 Ne4 21. Nxe4 dxe4 22. Kd2 Kd7 23. Qc5 Qxc5 24. dxc5 Kc6 25. Bxc4 Kxc5
26. Kc3 Rc8 27. Bxa6 Rc6 28. Bc4 Bb7 29. Ra1 a6 30. Rb1 Bc8 31. Rb8 Kd6 32.
Kb3 f5 33. Rb6 Rxb6+ 34. Bxb6 Kc6 35. Bd4 g6 36. Kb4 Kb7 37. Kc5 Kc7 38.
Be5+ Kd7 39. Kb6 h5 40. h4 a5 41. Bb5+ Ke7 42. Kc7 {Black resigns} 1-0

[Event "ICC tourney 3117 (40 10)"]
[Site "Internet Chess Club"]
[Date "2023.02.04"]
[Round "3"]
[White "ZLODOREV, ALEXANDER:sasha-zlodorev"]
[Black "LOPEZ, FRANCISCO JAVIER:steinutz"]
[Result "1-0"]
[ICCResult "Black forfeits on time"]
[WhiteElo "1607"]
[BlackElo "1500"]
[Opening "Bird's opening"]
[ECO "A02"]
[NIC "VO.07"]
[Time "15:31:23"]
[PlyCount "113"]
[TimeControl "2400+10"]

1. f4 Nf6 2. Nf3 d5 3. g3 Bg4 4. Bg2 c6 5. O-O h6 6. Ne5 Bc8 7. d3 e6 8. e4
Be7 9. Nc3 O-O 10. Qe2 Nbd7 11. Nf3 Re8 12. e5 Nh7 13. Be3 f5 14. exf6 Bxf6
15. d4 Nb6 16. Bf2 Nc4 17. b3 Nd6 18. Qd3 Nf8 19. Rae1 a5 20. a4 b6 21. Qd1
Ba6 22. Ne2 Ne4 23. Be3 c5 24. Ne5 Bxe5 25. dxe5 Qe7 26. c4 Red8 27. Qc2
Rac8 28. Bxe4 dxe4 29. Rd1 Bb7 30. Nc3 Qf7 31. Nb5 Bc6 32. Nd6 Qg6 33. Nxc8
Rxc8 34. Rd6 h5 35. Kg2 h4 36. Qe2 Qh6 37. f5 h3+ 38. Kg1 Qh7 39. fxe6 Ng6
40. Qf2 Nxe5 41. Rxc6 Nxc6 42. Qf7+ Kh8 43. e7 Nxe7 44. Qxe7 Qg6 45. Rf8+
Rxf8 46. Qxf8+ Kh7 47. Qf4 Qe6 48. Kf2 g6 49. Qh4+ Kg8 50. Qd8+ Kh7 51. Qf8
Qg4 52. Qf7+ Kh8 53. Bh6 Qf5+ 54. Qxf5 gxf5 55. Ke3 Kh7 56. Bf4 Kg6 57. Bc7
{Black forfeits on time}
1-0

[Event "ICC tourney 3117 (40 10)"]
[Site "Internet Chess Club"]
[Date "2023.02.04"]
[Round "3"]
[White "Richardson, Avanni:ChessOneMillion"]
[Black "HELMSEN, GAVIN:ghelmsen"]
[Result "1/2-1/2"]
[ICCResult "Game drawn by mutual agreement"]
[WhiteElo "1706"]
[BlackElo "1549"]
[Opening "Robatsch (modern) defense"]
[ECO "B06"]
[NIC "KF.06"]
[Time "15:30:50"]
[PlyCount "76"]
[TimeControl "2400+10"]

1. e4 g6 2. d4 d5 3. exd5 Bg7 4. c4 c6 5. dxc6 Bxd4 6. cxb7 Bxb7 7. Nc3 Qb6
8. Qe2 Nf6 9. Nf3 Bxc3+ 10. bxc3 O-O 11. Be3 Qa5 12. Bd2 Ne4 13. Qe3 Nd7 14.
Rb1 Rab8 15. Rxb7 Rxb7 16. Qxe4 Rb6 17. Be2 Qxa2 18. O-O Re6 19. Qd4 Rxe2
20. Qxd7 Qxc4 21. Qxa7 Rd8 22. Bh6 Qxc3 23. Qb6 Rc8 24. h3 Qc5 25. Qa6 Re6
26. Qa1 Qc3 27. Qa4 Qc4 28. Rc1 Qa6 29. Rxc8+ Qxc8 30. Qd4 Rf6 31. g4 g5 32.
Qe5 Rxh6 33. Qxg5+ Rg6 34. Qxe7 Rxg4+ 35. hxg4 Qxg4+ 36. Kf1 Qxf3 37. Qd8+
Kg7 38. Qg5+ Kh8 {Game drawn by mutual agreement} 1/2-1/2

[Event "ICC tourney 3117 (40 10)"]
[Site "Internet Chess Club"]
[Date "2023.02.04"]
[Round "3"]
[White "Shrivastava, Ansh:aannsshh"]
[Black "BRUDNO, STEPHEN:StevChess01"]
[Result "0-1"]
[ICCResult "White checkmated"]
[WhiteElo "1070"]
[BlackElo "1543"]
[Opening "Sicilian: Grand Prix attack"]
[ECO "B23"]
[NIC "SI.44"]
[Time "15:39:10"]
[PlyCount "138"]
[TimeControl "2400+10"]

1. e4 c5 2. Nc3 Nc6 3. f4 g6 4. Nf3 Bg7 5. g3 e6 6. Bg2 Nge7 7. O-O O-O 8.
b3 Rb8 9. Bb2 b5 10. d3 d6 11. h3 a5 12. Qe2 a4 13. Rae1 a3 14. Ba1 Qa5 15.
e5 dxe5 16. Nxe5 Nxe5 17. fxe5 Nf5 18. Ne4 Qb6 19. Kh2 Bb7 20. c4 b4 21. Qd2
Bxe4 22. Bxe4 Bh6 23. Qf2 Rbc8 24. g4 Ne7 25. d4 Bg7 26. dxc5 Qxc5 27. Qg3
Nc6 28. Bxc6 Qxc6 29. h4 Rcd8 30. Re2 Rd7 31. h5 Rfd8 32. Qf2 Qb7 33. Kg3
Rd3+ 34. Re3 Bh6 35. Rxd3 Rxd3+ 36. Kh2 Rd2 37. Qxd2 Bxd2 38. Bd4 Qe4 39.
Bb6 Qe2+ 40. Rf2 Qxe5+ 41. Kg2 Qe4+ 42. Kf1 Bc3 43. h6 Qxg4 44. Re2 Qf4+ 45.
Kg1 Qxh6 46. c5 Qg5+ 47. Kf1 Qf4+ 48. Rf2 Qe3 49. Re2 Qd3 50. c6 Qa6 51. c7
Qb7 52. Kf2 Kg7 53. Re3 Qxb6 54. c8=Q Bd4 55. Qc1 Bxe3+ 56. Qxe3 Qxe3+ 57.
Kxe3 h5 58. Kf3 g5 59. Kg3 f5 60. Kf3 h4 61. Kg2 g4 62. Kh2 f4 63. Kg2 h3+
64. Kh2 e5 65. Kg1 g3 66. Kh1 e4 67. Kg1 e3 68. Kh1 e2 69. Kg1 e1=Q#
{White checkmated}
0-1

[Event "ICC tourney 3117 (40 10)"]
[Site "Internet Chess Club"]
[Date "2023.02.04"]
[Round "3"]
[White "WANG, JESSICA:crazyhorse9"]
[Black "Mehta, Aarav Amit:amitmehta22"]
[Result "0-1"]
[ICCResult "White forfeits on time"]
[WhiteElo "1566"]
[BlackElo "1425"]
[Opening "Sicilian: closed"]
[ECO "B23"]
[NIC "SI.44"]
[Time "15:30:29"]
[PlyCount "96"]
[TimeControl "2400+10"]

1. e4 c5 2. Nc3 e6 3. Nge2 d5 4. exd5 exd5 5. d4 Nf6 6. g3 Nc6 7. Bg5 Be7 8.
Bg2 Be6 9. O-O O-O 10. dxc5 h6 11. Bxf6 Bxf6 12. Nxd5 Be5 13. c4 Qa5 14. Rc1
Qxc5 15. Qd2 Rfd8 16. b4 Qf8 17. Qe3 Bd6 18. a3 Re8 19. Qb3 Bxd5 20. cxd5
Nxb4 21. Nd4 Na6 22. Qxb7 Nc5 23. Qb5 Rab8 24. Qc4 Rec8 25. Bh3 Re8 26. Nc6
Re4 27. Qc2 Rbe8 28. Bf5 Re2 29. Qc4 g6 30. Bh3 R2e4 31. Qc3 Na4 32. Qb3 Nc5
33. Qc3 Ra4 34. Rb1 Ne4 35. Qd3 Rxa3 36. Qc2 Nc3 37. Rb3 Nxd5 38. Bd7 Ra8
39. Rxa3 Bxa3 40. Ne5 Nf6 41. Bh3 Bd6 42. Nf3 a5 43. Nd4 a4 44. Qa2 a3 45.
Rc1 Rb8 46. Rc2 Qe8 47. Rc1 Rb2 48. Qa1 Qe4 {White forfeits on time} 0-1

[Event "ICC tourney 3117 (40 10)"]
[Site "Internet Chess Club"]
[Date "2023.02.04"]
[Round "3"]
[White "HAMLETT, JAMES MORRISON:Hamlett144"]
[Black "BANDREDDI, MEERA:MeeraBLab"]
[Result "0-1"]
[ICCResult "White resigns"]
[WhiteElo "1200"]
[BlackElo "1105"]
[Opening "Sicilian: closed"]
[ECO "B23"]
[NIC "SI.44"]
[Time "15:30:30"]
[PlyCount "100"]
[TimeControl "2400+10"]

1. e4 c5 2. Nc3 e6 3. Nf3 a6 4. a4 d5 5. e5 Nc6 6. d4 Qb6 7. a5 Nxa5 8. Na4
Qc7 9. Nxc5 Bxc5 10. dxc5 Nc6 11. Bf4 Nge7 12. Bg3 Ng6 13. Qe2 Bd7 14. c3
Rc8 15. b4 a5 16. O-O-O axb4 17. Rxd5 exd5 18. e6 Qd8 19. exd7+ Kxd7 20. Qb5
bxc3 21. Qxb7+ Rc7 22. Qb3 Ke8 23. Bb5 Kf8 24. Bd6+ Kg8 25. Qxd5 Ra7 26.
Bxc6 Ra1+ 27. Kc2 Rxh1 28. Ng5 Qf6 29. Ne4 Qe6 30. Nxc3 Qxd5 31. Bxd5 h5 32.
Ne4 Nf8 33. c6 Ne6 34. c7 Nxc7 35. Bxc7 Rh6 36. Bf4 Rb6 37. Nd6 Ra1 38. Nxf7
Ra5 39. Nh6+ Kh7 40. Be4+ g6 41. Nf7 Rf6 42. Ng5+ Rxg5 43. Bxg5 Rxf2+ 44.
Kd3 Ra2 45. Ke3 Ra3+ 46. Kf4 Ra4 47. Bf6 Ra5 48. Be5 Kh6 49. h4 Rb5 50. Ke3
Rxe5 {White resigns} 0-1

[Event "ICC tourney 3117 (40 10)"]
[Site "Internet Chess Club"]
[Date "2023.02.04"]
[Round "4"]
[White "Richardson, Avanni:ChessOneMillion"]
[Black "DUBE, DANIEL:betterone76"]
[Result "0-1"]
[ICCResult "White resigns"]
[WhiteElo "1706"]
[BlackElo "1850"]
[Opening "Alekhine's defense: exchange variation"]
[ECO "B03"]
[NIC "AL.08"]
[Time "17:45:12"]
[PlyCount "92"]
[TimeControl "2400+10"]

1. e4 Nf6 2. e5 Nd5 3. d4 d6 4. c4 Nb6 5. exd6 cxd6 6. Nf3 g6 7. Nc3 Bg7 8.
Bd2 O-O 9. Bd3 Bg4 10. Be3 Nc6 11. Be2 Bxf3 12. Bxf3 Nxc4 13. Bxc6 Nxe3 14.
fxe3 bxc6 15. Qf3 Qb6 16. Rb1 Rab8 17. O-O Qa5 18. Qxc6 Rfc8 19. Qf3 Bf6 20.
Nd5 Qxa2 21. Nxf6+ exf6 22. Qxf6 Rf8 23. Ra1 Qb3 24. Rxa7 Qxe3+ 25. Kh1 Qe6
26. Qxe6 fxe6 27. Rxf8+ Kxf8 28. Ra2 Rb7 29. Kg1 Kf7 30. Kf2 Kf6 31. Ke3 e5
32. dxe5+ Kxe5 33. Ra5+ d5 34. Ra2 Rb3+ 35. Kd2 Ke4 36. Kc2 Rb7 37. Ra8 Re7
38. b4 Rc7+ 39. Kd2 Rb7 40. Ra4 d4 41. g3 Rf7 42. Ke2 d3+ 43. Ke1 Ke3 44.
Ra3 Rc7 45. Ra1 Rc2 46. h4 Rh2 {White resigns} 0-1

[Event "ICC tourney 3117 (40 10)"]
[Site "Internet Chess Club"]
[Date "2023.02.04"]
[Round "4"]
[White "ZHAO, DANSON:K01-30127679"]
[Black "HELMSEN, GAVIN:ghelmsen"]
[Result "1-0"]
[ICCResult "Black resigns"]
[WhiteElo "1431"]
[BlackElo "1549"]
[Opening "Robatsch (modern) defense"]
[ECO "B06"]
[NIC "KF.06"]
[Time "17:46:14"]
[PlyCount "77"]
[TimeControl "2400+10"]

1. e4 g6 2. d4 d5 3. exd5 Bg7 4. c3 Qxd5 5. Nf3 Bg4 6. Be2 Nc6 7. h3 Bf5 8.
Be3 O-O-O 9. Nbd2 e5 10. dxe5 Nxe5 11. O-O Nd3 12. Bxd3 Bxd3 13. Re1 Nh6 14.
Nd4 Nf5 15. Nxf5 Bxf5 16. Nf3 Qb5 17. Qb3 Qxb3 18. axb3 a6 19. b4 Rhe8 20.
Nd4 Bd3 21. Rad1 Bc4 22. f3 f5 23. Bg5 Bxd4+ 24. cxd4 Rxe1+ 25. Rxe1 Rxd4
26. Re8+ Kd7 27. Rd8+ Kc6 28. Rxd4 Kb5 29. Bd2 c5 30. bxc5 Kxc5 31. Rd7 b5
32. b4+ Kc6 33. Rxh7 Kd5 34. Ra7 Kd4 35. Be1 Ke3 36. Rxa6 Ke2 37. Bf2 Kd3
38. Rxg6 Kc3 39. Bc5 {Black resigns} 1-0

[Event "ICC tourney 3117 (40 10)"]
[Site "Internet Chess Club"]
[Date "2023.02.04"]
[Round "4"]
[White "OPASKA, MICHAEL:mopaska1106"]
[Black "YU, AVERY:Averyyu321"]
[Result "0-1"]
[ICCResult "White resigns"]
[WhiteElo "1841"]
[BlackElo "1682"]
[Opening "QGD: exchange, positional line"]
[ECO "D35"]
[NIC "QO.16"]
[Time "17:45:14"]
[PlyCount "48"]
[TimeControl "2400+10"]

1. d4 d5 2. c4 e6 3. Nc3 Nf6 4. cxd5 exd5 5. Bg5 Be7 6. e3 c6 7. Bd3 Nbd7 8.
Nge2 O-O 9. Qc2 Re8 10. O-O Nf8 11. f3 Be6 12. Rae1 a6 13. e4 dxe4 14. fxe4
Ng4 15. Bxe7 Qxe7 16. Nf4 Qd6 17. d5 cxd5 18. exd5 Qb6+ 19. Kh1 Bd7 20. Ne4
f5 21. Qc5 Qh6 22. h3 fxe4 23. Bxe4 Nf6 24. Bd3 Rxe1 {White resigns} 0-1

[Event "ICC tourney 3117 (40 10)"]
[Site "Internet Chess Club"]
[Date "2023.02.04"]
[Round "4"]
[White "ANDRADE, LUIS:Landrade"]
[Black "WANG, JESSICA:crazyhorse9"]
[Result "1-0"]
[ICCResult "Black resigns"]
[WhiteElo "1277"]
[BlackElo "1566"]
[Opening "King's Indian, 3.Nf3"]
[ECO "E90"]
[NIC "KI.20"]
[Time "17:45:17"]
[PlyCount "49"]
[TimeControl "2400+10"]

1. d4 Nf6 2. Nf3 g6 3. c4 Bg7 4. Nc3 O-O 5. e4 d6 6. h3 e5 7. dxe5 dxe5 8.
Qxd8 Rxd8 9. Bg5 c6 10. Nxe5 Re8 11. f4 h6 12. Bxf6 Bxf6 13. O-O-O Bxe5 14.
fxe5 Nd7 15. Be2 Nxe5 16. Rhf1 Be6 17. b3 Rac8 18. Kb2 a5 19. Rd2 Nd7 20.
Na4 Rb8 21. Rfd1 Re7 22. c5 b5 23. cxb6 Nxb6 24. Rd8+ Re8 25. Rxe8+
{Black resigns}
1-0

[Event "ICC tourney 3117 (40 10)"]
[Site "Internet Chess Club"]
[Date "2023.02.04"]
[Round "4"]
[White "ZLODOREV, ALEXANDER:sasha-zlodorev"]
[Black "Doan Giang, Nguyen Doan:Doctorstrange04"]
[Result "0-1"]
[ICCResult "White checkmated"]
[WhiteElo "1607"]
[BlackElo "1807"]
[Opening "Bird's opening"]
[ECO "A02"]
[NIC "VO.07"]
[Time "17:45:34"]
[PlyCount "144"]
[TimeControl "2400+10"]

1. f4 g6 2. Nf3 Bg7 3. g3 c5 4. Bg2 Nf6 5. O-O O-O 6. Nc3 Nc6 7. e4 d6 8. d3
Bg4 9. h3 Bxf3 10. Qxf3 Nd4 11. Qf2 Rb8 12. Be3 Nd7 13. Nd1 Qc7 14. c3 Nc6
15. d4 e6 16. dxc5 dxc5 17. Bxc5 Nxc5 18. Qxc5 b6 19. Qf2 b5 20. e5 Rfd8 21.
Ne3 Bf8 22. Qf3 Na5 23. Rad1 b4 24. Rxd8 Rxd8 25. Rd1 bxc3 26. bxc3 Bc5 27.
Kh2 h5 28. Nc2 Rb8 29. Qd3 Kg7 30. Qd7 Qxd7 31. Rxd7 Rb2 32. Nb4 Bb6 33. Rd1
Nc4 34. Kh1 Ne3 35. Rg1 Nf5 36. Rc1 Nxg3+ 37. Kh2 h4 38. Nd3 Rd2 39. Nb4 Be3
40. c4 Bxf4 41. Rc2 Rd1 42. Bf3 Nf5+ 43. Kg2 Rb1 44. Nd3 Ne3+ 45. Kf2 Nxc2
46. Nxf4 Rb2 47. c5 Rxa2 48. c6 Nd4+ 49. Ke3 Nxf3 50. c7 Rc2 51. Kxf3 Rxc7
52. Kg4 Rc4 53. Kg5 Rxf4 54. Kxf4 a5 55. Ke4 g5 56. Kd4 g4 57. hxg4 h3 58.
Ke3 a4 59. Kf3 a3 60. Kg3 a2 61. g5 a1=Q 62. g6 Qxe5+ 63. Kxh3 Kxg6 64. Kg4
Qf5+ 65. Kg3 e5 66. Kg2 e4 67. Kg3 e3 68. Kg2 e2 69. Kg3 e1=Q+ 70. Kg2 Qe2+
71. Kg3 Qff3+ 72. Kh4 Qh2# {White checkmated} 0-1